 Dungeon Crawl Stone Soup version 0.24.0-125-gc4c63601f3 (webtiles) character file.

Game seed: 17341137497149174002, levelgen mode: deterministic

55 shakethe the Cleaver (level 3, 0/31 HPs)
             Began as a Gnoll Wanderer on Mar 18, 2020.
             Slain by a bat (1 damage)
             ... on level 2 of the Dungeon.
             The game lasted 00:01:43 (769 turns).

shakethe the Cleaver (Gnoll Wanderer)                Turns: 769, Time: 00:01:44

Health: 0/31       AC:  5    Str: 16    XL:     3   Next: 93%
Magic:  5/5        EV: 11    Int: 14    God:
Gold:   63         SH:  0    Dex: 13    Spells: 4/4 levels left

rFire    . . .     SeeInvis .   a - +2 hand axe
rCold    . . .     Gourm    .   (no shield)
rNeg     . . .     Faith    .   e - +2 leather armour {rPois}
rPois    +         Spirit   .   (no helmet)
rElec    .         Reflect  .   (no cloak)
rCorr    .         Harm     .   (no gloves)
MR       .....                  (no boots)
Stlth    +.........             (no amulet)
HPRegen  0.10/turn              (no ring)
MPRegen  0.09/turn              (no ring)

@: no status effects
A: distributed training, fangs 1, strong nose
a: no special abilities


You were on level 2 of the Dungeon.
You were not hungry.

You visited 1 branch of the dungeon, and saw 2 of its levels.

You collected 63 gold pieces.

Inventory:

Hand Weapons
 a - a +2 hand axe (weapon)
 c - a +0 hand crossbow
Missiles
 d - 25 bolts
 l - 7 boomerangs (quivered)
Armour
 e - a +2 leather armour of poison resistance (worn)
Scrolls
 i - 4 scrolls of identify {unknown}
 j - 2 scrolls of teleportation {unknown}
 k - a scroll of immolation {unknown}
 n - 2 scrolls of remove curse {unknown}
 o - a scroll of amnesia {unknown}
Potions
 b - a potion of resistance {unknown}
 g - a potion of might {unknown}
 h - a potion of curing {unknown}
 m - a potion of magic {unknown}
Comestibles
 f - 4 rations


   Skills:
 + Level 4.6 Fighting
 + Level 1.0 Short Blades
 + Level 1.0 Long Blades
 + Level 8.5 Axes
 + Level 1.0 Maces & Flails
 + Level 1.0 Polearms
 + Level 1.0 Staves
 + Level 1.0 Slings
 + Level 1.0 Bows
 + Level 2.6 Crossbows
 + Level 1.0 Throwing
 + Level 2.6 Armour
 + Level 1.0 Dodging
 + Level 1.0 Stealth
 + Level 2.6 Shields
 + Level 1.0 Unarmed Combat
 + Level 1.0 Spellcasting
 + Level 0.7 Conjurations
 + Level 0.7 Hexes
 + Level 0.7 Charms
 + Level 0.7 Summonings
 + Level 0.7 Necromancy
 + Level 0.7 Translocations
 + Level 0.7 Transmutations
 + Level 0.7 Fire Magic
 + Level 0.7 Ice Magic
 + Level 0.7 Air Magic
 + Level 0.7 Earth Magic
 + Level 0.7 Poison Magic
 + Level 1.0 Invocations
 + Level 2.6 Evocations


You had 4 spell levels left.
You didn't know any spells.
Your spell library was empty.

Dungeon Overview and Level Annotations

Branches:
Dungeon (2/15)

Altars:


Innate Abilities, Weirdness & Mutations

Your experience applies equally to all skills.
You have very sharp teeth.
Your uncanny sense of smell can sniff out nearby items.


Message History

You are too injured to fight recklessly!
You are too injured to fight recklessly!
The bat hits you but does no damage.
The adder hisses angrily.
The bat completely misses you. The bat hits you but does no damage.
The bat hits you.
You see here an adder corpse.
The bat closely misses you. The bat hits you but does no damage.
The shadow imp gestures at you. Pain shoots through your body!
* * * LOW HITPOINT WARNING * * *
The bat hits you but does no damage. x2
You hit the bat.
The bat is moderately wounded.
The bat barely misses you.
You miss the bat.
The bat is moderately wounded.
The bat hits you.
You die...

#.#≈≈≈≈.# #.........#..
#.#P≈♣≈.# #........... ..
#.....≈.## #.#.......# ...
###.†....# #.#....# ∆ ...
#.####.# #.#...## ....
#..###.# ##.†...# ##...
##..##.### #S5#...# ##....
##......#####b###.##
#..... ###.........@# #.#
#..... ####.##....# #.#
..# #..... #.#...)..##.#
...##..... #.#......#
$[........(..
#.#.#..#...........#....
###..........#.......#....
#.........................
###....#....##...>..#.....
##....#.#..##............


You could see an adder, a shadow imp and a bat.

Vanquished Creatures
  An adder (D:2)
  A worm (D:2)
  A dart slug (D:2)
  A leopard gecko (D:1)
  A giant cockroach (D:2)
  3 goblins
  4 hobgoblins
  7 jackals (D:2)
  A ball python (D:2)
  6 bats
  2 frilled lizards
  3 kobolds
  9 rats
40 creatures vanquished.

Notes
Turn   | Place    | Note
-------+----------+-------------------------------------------
     0 | D:1      | shakethe the Gnoll Wanderer began the quest for the Orb.
     0 | D:1      | shakethe set off with the following items: a +2 hand axe, a
                  | +0 ring mail, a +0 hand crossbow, 25 bolts, a ration
     0 | D:1      | Reached XP level 1. HP: 20/20 MP: 2/2
   206 | D:1      | Reached XP level 2. HP: 26/26 MP: 3/3
   520 | D:2      | Reached XP level 3. HP: 25/31 MP: 4/4
   656 | D:2      | Reached skill level 1 in Invocations
   754 | D:2      | Reached skill level 1 in Short Blades
   754 | D:2      | Reached skill level 1 in Long Blades
   754 | D:2      | Reached skill level 1 in Maces & Flails
   754 | D:2      | Reached skill level 1 in Polearms
   754 | D:2      | Reached skill level 1 in Staves
   754 | D:2      | Reached skill level 1 in Slings
   754 | D:2      | Reached skill level 1 in Bows
   754 | D:2      | Reached skill level 1 in Throwing
   754 | D:2      | Reached skill level 1 in Dodging
   754 | D:2      | Reached skill level 1 in Stealth
   754 | D:2      | Reached skill level 1 in Unarmed Combat
   754 | D:2      | Reached skill level 1 in Spellcasting
   766 | D:2      | HP: 1/31 [shadow imp/nerve-wracking pain (11)]
   769 | D:2      | Slain by a bat

Levels and vault maps discovered:
D:1:      dpeg_arrival_rooms_b, layout_rooms
D:2:      layout_rooms, corexii_item_surrounded_by_moat, serial_bayou_pond_d

Skill      XL: |  1  2  3 |
---------------+----------+-----
Invocations    | 1 |  1.0
Short Blades   | 1 |  1.0
Long Blades    | 1 |  1.0
Maces & Flails | 1 |  1.0
Polearms       | 1 |  1.0
Staves         | 1 |  1.0
Slings         | 1 |  1.0
Bows           | 1 |  1.0
Throwing       | 1 |  1.0
Dodging        | 1 |  1.0
Stealth        | 1 |  1.0
Unarmed Combat | 1 |  1.0
Spellcasting   | 1 |  1.0
Fighting       | |  4.6
Axes           | |  8.5
Crossbows      | |  2.6
Armour         | |  2.6
Shields        | |  2.6
Conjurations   | |  0.7
Hexes          | |  0.7
Charms         | |  0.7
Summonings     | |  0.7
Necromancy     | |  0.7
Translocations | |  0.7
Transmutations | |  0.7
Fire Magic     | |  0.7
Ice Magic      | |  0.7
Air Magic      | |  0.7
Earth Magic    | |  0.7
Poison Magic   | |  0.7
Evocations     | |  2.6

Action                   || total
-------------------------++-------
Melee: Hand axe          ||    95
       Bite              ||     3
 Stab: Sleeping          ||     2
       Distracted        ||     1
Armor: Ring mail         ||     4
       Leather armour    ||    22
Dodge: Dodged            ||    55
